 Dungeon Crawl Stone Soup version 0.30-a0-169-g06f667207d (webtiles) character file.

Game seed: 4098167364866110251

1696 Decritt the Fighter (level 9, -7/72 HPs)
             Began as a Djinni Fire Elementalist on Sept 30, 2022.
             Was an Initiate of Makhleb.
             Killed from afar by a gargoyle (18 damage)
             ... with a stone arrow
             ... on level 6 of the Dungeon.
             The game lasted 00:26:31 (8358 turns).

Decritt the Fighter (Djinni Fire Elementalist)      Turns: 8358, Time: 00:26:32

Health: -7/72      AC:  7    Str:  7    XL:     9   Next: 23%
Gold:   245        EV: 12    Int: 20    God:    Makhleb [......] SH:  0 Dex: 15

rFire   + + .      SeeInvis .    g - staff of conjuration
rCold   x . .      Faith    .    (no shield)
rNeg    . . .      Spirit   .    v - +2 robe {Archmagi}
rPois   ∞          Reflect  .    x - +0 helmet
rElec   .          Harm     .    t - +0 cloak
rCorr   +          Rampage  .    w - +0 pair of gloves
Will    .....      Archmagi +    (boots unavailable)
Stlth   ++........               (no amulet)
HPRegen 0.22/turn                c - ring of resist corrosion
MPRegen 0.00/turn                (no ring)

@: about to teleport, flying
A: sickness immunity, fire resistance 2, cold vulnerability 1, float, innate
caster, HP casting, extra vitality 1
a: Renounce Religion


You were on level 6 of the Dungeon.
You worshipped Makhleb.
Makhleb was noncommittal.
You visited 2 branches of the dungeon, and saw 7 of its levels.

You collected 317 gold pieces.
You spent 72 gold pieces at shops.

Inventory:

Armour
 a - a +0 robe
 t - a +0 cloak (worn)
 v - a +2 robe of the Archmagi (worn)
 w - a +0 pair of gloves (worn)
 x - a +0 helmet (worn)
Magical Staves
 g - a staff of conjuration (weapon)
Jewellery
 c - a ring of resist corrosion (left hand)
Wands
 y - a wand of roots (8)
Scrolls
 b - a scroll of immolation {unknown}
 f - a scroll of fear {unknown}
 h - a scroll of poison
 i - 2 scrolls of teleportation
 j - 2 scrolls of butterflies
 m - a scroll of silence
 o - a scroll of noise {unknown}
 r - 4 scrolls of identify
 z - a scroll of magic mapping {unknown}
 A - a scroll of vulnerability
Potions
 d - 4 potions of curing
 e - a potion of flight {unknown}
 k - a potion of lignification {unknown}
 l - 2 potions of attraction
 n - 2 potions of ambrosia
 p - 3 potions of mutation {unknown}
 s - a potion of haste {unknown}


   Skills:
 * Level 9.1 Fighting
 - Level 2.1 Dodging
 - Level 1.5 Stealth
 + Level 5.4 Spellcasting


You couldn't memorise any spells.
You knew the following spells:

 Your Spells              Type           Power      Damage    Failure   Level
a - Shock                 Conj/Air       100%       1d9       1%          1
b - Searing Ray           Conj           100%       2d8       1%          2
c - Scorch                Fire           82%        2d9       1%          2
d - Kindle Blastsparks    Fire/Tloc/Air  82%        2d16      3%          3
e - Flame Wave            Conj/Fire      58%        2d14      12%         4
f - Foxfire               Conj/Fire      100%       2x1d9     1%          1
g - Wereblood             Tmut           41%        N/A       1%          2
h - Inner Flame           Hex/Fire       41%        N/A       3%          3
i - Dispel Undead         Necr           41%        3d16      12%         4
Your spell library was empty.

Dungeon Overview and Level Annotations

Branches:
Dungeon (6/15)             Temple (1/1) D:5

Altars:
Cheibriados
Dithmenos
Elyvilon
Fedhas
Gozag
Makhleb
Nemelex Xobeh
Okawaru
Qazlal
Ru
Trog
Wu Jian
Xom
Yredelemnul
Zin
The Shining One

Shops:
D:2 ?(!*   D:6 =


Innate Abilities, Weirdness & Mutations

You are immune to sickness and miasma.
You are immune to poison.
Your flesh is very heat resistant. (rF++)
You are vulnerable to cold. (rC-)
You float through the air rather than walking.
You learn spells naturally, not from books.
Your magical power is your life essence.
You have superior vitality. (+4 MHP)


Message History

You feel a surge of power!
Flames lash the gargoyle but do no damage.
Casting: Scorch (safe; 1% risk of failure)
Confirm with . or Enter, or press ? or * to list all spells.
You feel a surge of power!
Flames lash the gargoyle.
The gargoyle is burned terribly!
The gargoyle is severely damaged.
The gargoyle hurls a stone arrow at you.
The stone arrow hits you!
* * * LOW HITPOINT WARNING * * *
Casting: Scorch (safe; 1% risk of failure)
Confirm with . or Enter, or press ? or * to list all spells.
You feel a surge of power!
Flames lash the gargoyle but do no damage.
* * * LOW HITPOINT WARNING * * *
Casting: Scorch (safe; 1% risk of failure)
Confirm with . or Enter, or press ? or * to list all spells.
You feel a surge of power!
Flames lash the gargoyle.
The gargoyle is burned terribly!
The gargoyle is severely damaged.
* * * LOW HITPOINT WARNING * * *
The gargoyle closely misses you.
Casting: Scorch (safe; 1% risk of failure)
Confirm with . or Enter, or press ? or * to list all spells.
You feel a surge of power!
Flames lash the gargoyle but do no damage.
* * * LOW HITPOINT WARNING * * *
The gargoyle hits you with a +0 flail!!
* * * LOW HITPOINT WARNING * * *
You feel much better. The gargoyle hits you with a +0 flail!!
* * * LOW HITPOINT WARNING * * *
Okay, then.
Okay, then.
Okay, then.
Okay, then.
As you read the scroll of teleportation, it crumbles to dust.
You feel strangely unstable.
The gargoyle hurls a stone arrow at you.
The stone arrow hits you!!
You die...

#.##.....## #.####.∩..#
#.# #....# #.# #.>..#
##.####....#############
........8..............#
##.#############.#####.#
#.# #.# #.# #@# #.# #9#
#.# #.# #.# #.# ... ..#
#.# #.# #..


You could see a gargoyle (combustible).

Vanquished Creatures
  Sigmund (D:3)
  A sky beast (D:4)
  2 ogres
  A kobold brigand (D:4)
  3 phantoms
  2 necrophages
  A bullfrog (D:6)
  A scorpion (D:5)
  2 howler monkeys (D:5)
  2 jellies (D:5)
  4 hounds
  An orc priest (D:4)
  A gnoll bouda (D:5)
  5 iguanas
  An orc wizard (D:2)
  Robin (D:4)
  9 adders
  A shadow imp (D:5)
  A white imp (D:5)
  An ufetubus (D:5)
  3 dart slugs
  30 orcs
  5 ball pythons
  8 endoplasms
  A giant cockroach (D:1)
  16 goblins
  11 hobgoblins
  7 jackals
  4 quokkas
  5 bats
  5 frilled lizards
  7 kobolds
  3 rats
146 creatures vanquished.

Vanquished Creatures (others)
  121 foxfires
121 creatures vanquished.

Grand Total: 267 creatures vanquished

Notes
Turn   | Place    | Note
-------+----------+-------------------------------------------
     0 | D:1      | Decritt the Djinni Fire Elementalist began the quest for
                  | the Orb.
     0 | D:1      | Decritt set off with the following spells memorised:
                  | Foxfire, Scorch, Kindle Blastsparks, Inner Flame, Flame
                  | Wave.
     0 | D:1      | Reached XP level 1. HP: 15/15 MP: 0/0
   531 | D:1      | Reached skill level 1 in Fighting
   605 | D:1      | Reached XP level 2. HP: 19/22 MP: 0/0
  1028 | D:1      | Found a faded altar of an unknown god.
  1102 | D:1      | Reached XP level 3. HP: 27/28 MP: 0/0
  1102 | D:1      | Learned a level 1 spell: Shock
  1130 | D:1      | Reached skill level 2 in Fighting
  1841 | D:2      | Found Amone Ceu's Assorted Antiques.
  2011 | D:2      | Found Nautuanets's Weapon Emporium.
  2094 | D:2      | Found Benut's Magic Scroll Boutique.
  2188 | D:2      | Found Zeliecze's Distillery.
  2200 | D:2      | Reached XP level 4. HP: 9/34 MP: 0/0
  2224 | D:2      | Reached skill level 3 in Fighting
  2380 | D:2      | Bought a potion of degeneration for 12 gold pieces
  2953 | D:2      | Bought a potion of heal wounds for 60 gold pieces
  2987 | D:3      | Reached XP level 5. HP: 33/40 MP: 0/0
  2987 | D:3      | Learned a level 2 spell: Wereblood
  3018 | D:3      | Noticed Sigmund
  3546 | D:3      | Killed Sigmund
  3547 | D:3      | Reached skill level 4 in Fighting
  3547 | D:3      | Reached XP level 6. HP: 34/48 MP: 0/0
  4442 | D:4      | Reached skill level 5 in Fighting
  4442 | D:4      | Reached XP level 7. HP: 47/54 MP: 0/0
  4442 | D:4      | Learned a level 2 spell: Searing Ray
  5115 | D:4      | Noticed Robin
  5127 | D:4      | Killed Robin
  5751 | D:4      | Reached skill level 6 in Fighting
  5988 | D:4      | Found a stormy altar of Qazlal.
  6190 | D:5      | Entered Level 5 of the Dungeon
  6203 | D:4      | Reached XP level 8. HP: 27/62 MP: 0/0
  6779 | D:4      | Reached skill level 7 in Fighting
  7127 | D:5      | Noticed a wraith
  7398 | D:5      | Reached skill level 8 in Fighting
  7420 | D:5      | Reached skill level 5 in Spellcasting
  7597 | D:5      | Found a sparkling altar of Nemelex Xobeh.
  7754 | D:5      | Reached XP level 9. HP: 68/71 MP: 0/0
  7754 | D:5      | Learned a level 4 spell: Dispel Undead
  7955 | D:5      | Found a staircase to the Ecumenical Temple.
  7961 | Temple   | Entered the Ecumenical Temple
  7987 | Temple   | Became a worshipper of Makhleb the Destroyer
  8154 | D:6      | Found Gisilij's Jewellery Shop.
  8255 | D:6      | Reached skill level 9 in Fighting
  8349 | D:6      | Noticed a gargoyle
  8356 | D:6      | HP: 1/72 [gargoyle/+0 flail (22)]
  8358 | D:6      | Killed from afar by a gargoyle

Illustrated notes

Levels and vault maps discovered:
D:1:      enne_arrival_octagon_isle, layout_loops_ring,
          shapermc_ecumenical_altar_gd, nicolae_figureground_sparkle
D:2:      layout_basic, serial_shops, nicolae_lakefront_shop,
          nicolae_shop_bloodbath_and_beyond, shop, shop_scrolls
D:3:      layout_loops_cross, nicolae_overflow_hidden_temple,
          lemuel_crystal_altar, chequers_serial_rivers_micro_e,
          hangedman_abyss_or_decor_lesser_grid, minivault_23,
          minmay_misc_feat_four_crosses, nrook_mini_vaults, chequers_jeans,
          minmay_misc_feat_nine_boxes, uniq_natasha, uniq_sigmund
D:4:      kennysheep_goblin_castle, layout_loops_ring,
          mainiacjoe_overflow_brackets, uniq_robin
D:5:      cheibrodos_fzero, layout_gridville, nemelex_diamond_rough_becter,
          minmay_temple_entry_enclosed_plants
D:6:      layout_basic, serial_shops, nicolae_stop_n_shop_2, shop,
          nicolae_shop_advertising_works [nicolae_subvault_shop_adworks],
          nicolae_stop_n_shop_2
Temple:   lightli_temple_of_artemis

Skill      XL: |  1  2  3  4  5  6  7  8  9 |
---------------+----------------------------+-----
Fighting       | 1 2 3 4 5 6 8 9 |  9.1
Spellcasting   | 3 4 5 |  5.4
Dodging        | |  2.1
Stealth        | |  1.5

Action                   |  1- 3 |  4- 6 |  7- 9 || total
-------------------------+-------+-------+-------++-------
Melee: Unarmed           |     1 |       |       ||     1
       Staff             |       |     1 |       ||     1
 Cast: Foxfire           |    71 |     4 |       ||    75
       Shock             |       |    37 |   138 ||   175
       Scorch            |       |    11 |    67 ||    78
       Kindle Blastspark |       |     3 |       ||     3
       Searing Ray       |       |       |    10 ||    10
  Use: Scroll            |     5 |     1 |     8 ||    14
       Potion            |       |     1 |     1 ||     2
Armor: Robe              |     2 |     5 |    13 ||    20
Dodge: Dodged            |    27 |     8 |    43 ||    78

Table legend: (Time is in decaauts)
 A = Elapsed time spent in this place.
 B = Non-inter-level travel time spent in this place.
 C = Inter-level travel time spent in this place.
 D = Time resting spent in this place.
 E = Time spent auto-exploring this place.
 F = Levels seen in this place.
 G = Mean time per level.
                   A        B        C        D        E       F      G
               +--------+--------+--------+--------+--------+-----+--------+
         Total |   8363 |   8116 |    247 |   3650 |   3307 |   7 | 1194.7 |
       Dungeon |   8311 |   8089 |    222 |   3650 |   3307 |   6 | 1385.2 |
        Temple |     51 |     26 |     25 |      0 |      0 |   1 |   51.0 |
               +--------+--------+--------+--------+--------+-----+--------+

Top non-repeatable levels by time:
     D:4: 2584 daAuts
     D:1: 1791 daAuts
     D:3: 1513 daAuts
     D:2: 1344 daAuts
     D:5: 874 daAuts
     D:6: 203 daAuts
  Temple: 51 daAuts
